AoeStats
← sibosisu

Enclosed

505707807Analyzed
1v1 RM · 22d ago on Sep 10, 2026· 51m 44s· 2 players
Game mode
Random Map
Map size
Tiny (2 player)
Population
200
Speed
Normal
Resources
Standard
Victory
Conquest
Starting age
Dark Age
Ending age
Imperial Age
RankedLock teamsTeams togetherTeam positionsShared explorationLock speedFull tech treeHidden civsTurbo modeCheats
Victory
Defeat
🇨🇭 Vietnamese · Switzerland
1181
+17
🇦🇷 Italians · Argentina
1212
-17
sibosisu
4:47 Loom
10:00 Feudal Age
11:08 Double-Bit Axe
11:07 Horse Collar
13:15 Fletching
13:26 Padded Archer Armor
14:31 Wheelbarrow
14:51 Horse Collar
15:40 Town Watch
22:14 Castle Age
22:22 Elite Skirmisher
23:00 Bodkin Arrow
22:50 Crossbowman
24:22 Thumb Ring
28:15 Bow Saw
33:20 Leather Archer Armor
34:05 Ballistics
37:43 Pikeman
39:58 Heavy Plow
43:14 Imperial Age
41:12 Hand Cart
43:02 Squires
43:05 Scale Mail Armor
43:15 Forging
44:01 Bracer
44:32 Ring Archer Armor
43:33 Arbalester
44:01 Halberdier
44:54 Town Patrol
48:48 Chain Mail Armor
49:11 Iron Casting
50:36 Chemistry
49:44 Siege Engineers
50:58 Man-at-Arms
SamsungA10
7:10 Loom
9:35 Feudal Age
10:40 Double-Bit Axe
15:26 Horse Collar
17:05 Fletching
20:33 Wheelbarrow
21:11 Padded Archer Armor
26:18 Castle Age
24:33 Bloodlines
25:03 Scale Barding Armor
26:37 Forging
26:21 Crossbowman
27:19 Husbandry
29:30 Chain Barding Armor
30:54 Bodkin Arrow
32:10 Leather Archer Armor
35:53 Iron Casting
40:06 Ballistics
41:01 Thumb Ring
40:54 Gold Mining
40:58 Stone Mining
41:37 Scale Mail Armor
42:33 Chain Mail Armor
46:06 Imperial Age
44:51 Squires
44:38 Arson
45:09 Town Watch
45:45 Hand Cart
45:59 Town Patrol
48:12 Plate Mail Armor
Connection lost

Rejoining the realm…

Still unreachable

The connection could not be restored.

Session expired

The server has moved on; the page needs a fresh start.